Map: Oceanborn LE

Players

DKZherO (herO)

  • Race: Protoss Protoss
  • Spawn Location: 11:00

LiquidClem (Clem) - Winner!

  • Race: Terran Terran
  • League: Master
  • Spawn Location: 5:00

VOD

Have the link to the VOD?

Description

Time

  • Played on: Dec. 11, 2023, 6:30 a.m.
  • Length: 17:43
Show
View Real Time Build Order
Export as new Build Order

DKZherO Protoss 

Build Orders: 1 Gate Expand, Phoenix Opening, Colossus Rush 

Get SALT Encoding   

  12  0:00  Probe  
  13  0:12  Probe  
  14  0:17  Pylon  
  14  0:24  Probe (Chrono Boost)  
  15  0:36  Probe (Chrono Boost)  
  15  0:37  Gateway  
  16  0:43  Probe (Chrono Boost)  
  16  0:46  Assimilator  
  17  0:51  Probe  
  18  1:03  Probe  
  19  1:15  Probe  
  20  1:24  Cybernetics Core  
  20  1:25  Zealot  
  22  1:37  Nexus  
  22  1:44  Pylon  
  22  1:46  Probe  
  23  1:53  Assimilator  
  23  2:00  Stalker (Chrono Boost)  
  23  2:02  Probe  
  26  2:14  Probe  
  27  2:22  Adept  
  27  2:26  Probe  
  30  2:31  Stargate  
  30  2:38  Probe  
  30  2:39  Warp Gate  
  31  2:50  Probe x2 (Chrono Boost)  
  33  2:52  Adept  
  35  2:59  Probe (Chrono Boost)  
  35  3:00  Probe (Chrono Boost)  
  35  3:04  Probe (Chrono Boost)  
  35  3:05  Probe (Chrono Boost)  
  39  3:14  Phoenix  
  39  3:16  Probe  
  39  3:17  Probe  
  39  3:19  Pylon  
  43  3:28  Probe  
  43  3:29  Probe  
  43  3:32  Robotics Facility  
  45  3:41  Phoenix, Probe x2  
  49  3:48  Assimilator  
  49  3:49  Assimilator  
  49  3:53  Probe x2  
  51  3:56  Pylon  
  51  3:57  Shield Battery  
  51  4:03  Pylon  
  51  4:06  Phoenix (Chrono Boost)  
  51  4:07  Probe  
  54  4:14  Probe  
  55  4:19  Probe, Immortal (Chrono Boost)  
  55  4:20  Gateway  
  60  4:30  Phoenix (Chrono Boost)  
  62  4:32  Probe x2  
  62  4:36  Pylon  
  64  4:44  Probe x2  
  66  4:46  Phoenix  
  68  4:53  Robotics Bay  
  69  5:05  Nexus  
  69  5:11  Probe x2  
  69  5:16  Immortal (Chrono Boost)  
  70  5:23  Probe x2  
  70  5:25  Sentry, Twilight Council  
  70  5:27  Sentry  
  76  5:36  Probe  
  76  5:37  Pylon, Probe  
  76  5:41  Shield Battery  
  78  5:53  Colossus (Chrono Boost)  
  78  5:55  Probe x2, Pylon  
  86  6:00  Shield Battery  
  86  6:02  Gateway  
  86  6:03  Blink (Chrono Boost)  
  86  6:04  Forge  
  86  6:13  Probe x2  
  88  6:19  Probe  
  88  6:20  Extended Thermal Lance  
  88  6:25  Probe x2  
  91  6:28  Protoss Ground Weapons Level 1 (Chrono Boost)  
  91  6:29  Pylon, Colossus (Chrono Boost)  
  91  6:31  Probe  
  92  6:38  Gateway  
  98  6:43  Probe  
  98  6:46  Photon Cannon  
  99  6:48  Photon Cannon  
  99  6:57  Stalker x2  
  99  6:58  Probe  
  103  7:04  Gateway  
  103  7:07  Shield Battery  
  103  7:11  Pylon  
  103  7:13  Colossus (Chrono Boost)  
  103  7:18  Gateway  
  103  7:19  Gateway  
  103  7:20  Gateway  
  109  7:22  Assimilator  
  109  7:25  Shield Battery  
  109  7:26  Probe x3  
  112  7:33  Stalker x2  
  116  7:41  Probe  
  116  7:42  Pylon  
  117  7:45  Stalker, Pylon  
  117  7:50  Charge  
  119  7:55  Pylon  
  119  7:58  Stalker x2  
  119  8:00  Gravitic Boosters  
  119  8:01  Pylon  
  119  8:03  Observer (Chrono Boost)  
  122  8:10  Pylon  
  122  8:15  Stalker x5  
  122  8:18  Warp Prism (Chrono Boost)  
  122  8:29  Stalker x3  
  122  8:32  Nexus  
  124  8:40  Protoss Ground Armor Level 1 (Chrono Boost)  
  119  8:51  Pylon  
  119  8:52  Stalker x5  
  119  8:53  Observer (Chrono Boost)  
  130  8:57  Zealot x3  
  136  9:05  Pylon  
  136  9:07  Observer (Chrono Boost)  
  137  9:16  Zealot x5  
  147  9:18  Zealot  
  147  9:38  Zealot x8  
  163  9:41  Disruptor (Chrono Boost)  
  167  9:49  Probe x3  
  167  9:50  Probe  
  171  10:01  Probe  
  172  10:11  Zealot x2  
  172  10:12  Zealot x2  
  180  10:14  Zealot x4  
  188  10:22  Pylon  
  188  10:23  Pylon  
  188  10:26  Gateway x2  
  186  10:30  Protoss Ground Weapons Level 2 (Chrono Boost)  
  186  10:38  Robotics Facility  
  186  10:39  Disruptor, Photon Cannon  
  186  10:40  Zealot x3  
  186  10:41  Zealot x2  
  200  10:50  Gateway x2  
  197  11:05  Zealot  
  199  11:18  Nexus  
  199  11:21  Pylon  
  199  11:22  Pylon  
  199  11:28  Dark Shrine  
  199  11:29  Stalker x2  
  200  11:35  Observer  
  200  11:42  Forge  
  200  11:43  Photon Cannon  
  200  11:45  Photon Cannon  
  200  11:47  Photon Cannon  
  200  11:49  Shield Battery  
  200  11:50  Shield Battery  
  200  12:22  Disruptor (Chrono Boost), Zealot  
  159  12:23  Zealot x7  
  159  12:28  Disruptor (Chrono Boost), Zealot x2  
  159  12:29  Zealot x2  
  173  12:31  Protoss Ground Armor Level 2 (Chrono Boost)  
  173  12:36  Probe x5  
  164  12:47  Zealot x8  
  164  12:48  Probe  
  164  12:49  Disruptor (Chrono Boost)  
  159  12:54  Disruptor (Chrono Boost)  
  147  12:58  Probe x3  
  147  12:59  Probe  
  147  13:00  Probe  
  150  13:10  Stalker x10  
  150  13:11  Zealot  
  168  13:17  Disruptor (Chrono Boost)  
  168  13:19  Stalker  
  168  13:21  Disruptor (Chrono Boost)  
  172  13:27  Observer  
  172  13:33  Protoss Ground Weapons Level 3 (Chrono Boost)  
  172  13:38  Robotics Facility  
  172  13:42  Nexus  
  172  13:44  Disruptor (Chrono Boost)  
  172  13:48  Shadow Stride  
  176  13:49  Pylon  
  180  13:56  Stalker x6  
  184  14:06  Dark Templar x2  
  188  14:10  Disruptor (Chrono Boost)  
  188  14:15  Zealot x4  
  188  14:16  Pylon  
  132  14:39  Disruptor (Chrono Boost), Colossus (Chrono Boost)  
  132  14:45  Zealot x10  
  136  14:51  Robotics Facility  
  130  14:56  Photon Cannon  
  130  14:58  Photon Cannon  
  126  15:05  Colossus (Chrono Boost)  
  122  15:08  Zealot x3  
  122  15:09  Zealot x7  
  118  15:22  Disruptor (Chrono Boost)  
  108  15:29  Stalker x8  
  108  15:30  Stalker x2  
  119  15:54  Observer (Chrono Boost)  
  119  15:55  Zealot x10  
  140  16:01  Disruptor (Chrono Boost)  
  126  16:16  Sentry x3  
  126  16:17  Zealot x7  
  129  16:30  Probe x5  
  130  16:33  Probe  
  131  16:40  Observer  
  131  16:41  Dark Templar  
  131  16:42  Probe, Dark Templar  
  136  16:47  Probe x3  
  136  16:53  Observer (Chrono Boost)  
  138  16:55  Zealot x8, Observer (Chrono Boost)  
  138  17:00  Immortal (Chrono Boost)  
  158  17:09  Shield Battery  
  158  17:17  Stalker x2  
  158  17:18  Stalker, Zealot x7  
Show
View Real Time Build Order
Export as new Build Order

LiquidClem Terran - Winner!

Build Orders: Reaper Expand 

Get SALT Encoding   

  12  0:00  SCV  
  13  0:12  SCV  
  14  0:16  Supply Depot  
  14  0:24  SCV  
  15  0:38  SCV  
  15  0:40  Barracks  
  16  0:44  Refinery  
  16  0:50  SCV  
  17  1:02  SCV  
  18  1:14  SCV  
  19  1:27  Reaper  
  19  1:28  Orbital Command  
  20  1:37  Command Center  
  20  1:45  Supply Depot  
  20  1:53  SCV  
  21  1:58  Marine  
  22  2:05  SCV  
  22  2:07  Factory  
  23  2:13  Bunker  
  23  2:16  Marine  
  23  2:18  SCV  
  23  2:21  Refinery  
  25  2:30  SCV  
  25  2:35  Barracks Reactor  
  26  2:42  SCV  
  29  2:51  Orbital Command, Hellion  
  29  2:54  SCV, Starport  
  30  3:06  SCV  
  30  3:12  Supply Depot, Marine  
  31  3:14  Marine  
  31  3:16  Widow Mine  
  31  3:17  SCV  
  31  3:18  SCV  
  37  3:31  Medivac  
  37  3:32  SCV, Marine x2  
  42  3:38  Widow Mine  
  42  3:40  SCV  
  45  3:44  SCV  
  45  3:46  Barracks  
  44  3:52  SCV  
  44  3:53  Supply Depot  
  44  3:54  Marine x2  
  47  3:56  SCV  
  47  4:00  Cyclone  
  50  4:03  Starport Tech Lab  
  50  4:04  SCV  
  50  4:08  SCV  
  52  4:11  Barracks  
  52  4:13  Marine x2  
  52  4:16  SCV  
  55  4:20  SCV  
  56  4:24  Engineering Bay  
  56  4:25  Refinery  
  56  4:28  SCV  
  56  4:30  Starport Tech Lab  
  57  4:32  SCV  
  57  4:33  Supply Depot  
  57  4:35  Marine x2  
  57  4:36  Barracks Tech Lab  
  60  4:40  SCV  
  60  4:46  SCV  
  60  4:51  Refinery  
  60  4:52  SCV, Factory Reactor  
  58  4:53  Supply Depot  
  58  4:54  Marine x2  
  58  4:55  Stimpack  
  58  4:56  Marine  
  58  4:59  Starport Reactor  
  61  5:00  SCV  
  61  5:02  Missile Turret  
  61  5:05  Terran Infantry Weapons Level 1  
  61  5:06  SCV  
  63  5:10  Combat Shield  
  63  5:11  Marauder  
  62  5:15  Missile Turret  
  62  5:18  Marine x2  
  62  5:20  SCV  
  65  5:22  Marauder  
  65  5:23  SCV  
  65  5:27  Supply Depot  
  68  5:34  Marauder  
  68  5:36  Widow Mine x2  
  68  5:37  Medivac  
  68  5:40  Supply Depot  
  74  5:43  Marine  
  74  5:44  Marine  
  74  5:47  Marauder  
  78  5:51  Supply Depot  
  78  5:53  SCV x2  
  79  5:57  Widow Mine  
  79  5:58  Widow Mine  
  79  5:59  Supply Depot  
  79  6:00  Marauder  
  79  6:03  Marine x2, Medivac  
  89  6:07  Medivac  
  91  6:13  Marauder  
  93  6:19  Command Center  
  93  6:22  Supply Depot  
  93  6:25  Widow Mine x2  
  97  6:27  Marine x2  
  99  6:33  Marauder  
  99  6:36  Supply Depot  
  101  6:44  Barracks  
  101  6:45  Medivac  
  101  6:46  Barracks, Medivac  
  105  6:50  Marauder  
  105  6:54  Marine x2  
  108  6:56  SCV  
  108  6:57  SCV  
  108  6:58  Supply Depot  
  108  7:00  Terran Infantry Armor Level 1  
  111  7:05  Marine  
  111  7:06  Widow Mine x2  
  116  7:08  SCV  
  116  7:12  SCV  
  116  7:14  Marauder  
  120  7:18  Marine x2  
  120  7:20  Supply Depot  
  120  7:21  SCV  
  123  7:24  SCV  
  124  7:30  Marauder  
  124  7:31  Supply Depot, Viking  
  124  7:32  Viking  
  124  7:33  SCV  
  131  7:37  Barracks Tech Lab  
  131  7:39  Ghost Academy  
  131  7:40  SCV  
  132  7:44  Concussive Shells  
  132  7:45  SCV, Marauder  
  132  7:48  Marauder  
  137  7:52  SCV  
  137  7:54  Supply Depot  
  137  7:56  Marauder  
  137  7:57  SCV  
  137  7:58  Marauder  
  141  8:04  SCV  
  142  8:06  Viking x2  
  146  8:13  Widow Mine x2  
  146  8:14  Ghost  
  146  8:16  Ghost  
  150  8:20  Ghost  
  150  8:24  Marine  
  150  8:25  Marine  
  146  8:32  Supply Depot  
  134  8:42  Marine x2  
  134  8:43  Widow Mine x2, Viking x2  
  134  8:44  Marauder x2  
  134  8:45  Orbital Command  
  134  8:47  Supply Depot, SCV x2  
  150  8:52  Marauder  
  152  8:56  Refinery  
  152  8:59  Armory  
  152  9:00  Marine  
  152  9:02  Refinery, Engineering Bay  
  153  9:06  Marauder x2  
  159  9:10  Marine, Marauder  
  159  9:16  Marauder  
  160  9:21  Viking  
  160  9:27  SCV x2  
  160  9:28  Marauder x2  
  160  9:31  Marine x2, Marauder  
  169  9:35  Viking  
  171  9:39  Ghost  
  173  9:46  Supply Depot, SCV  
  173  9:48  SCV  
  173  9:52  Command Center  
  175  9:57  Marine x2, Viking  
  179  10:00  Ghost  
  181  10:07  Missile Turret x2  
  181  10:11  Terran Infantry Weapons Level 2  
  181  10:14  Marine, Ghost  
  176  10:15  Marauder  
  176  10:17  Marine x2  
  176  10:19  Viking  
  184  10:26  Terran Infantry Armor Level 2  
  184  10:31  Supply Depot  
  184  10:33  Bunker  
  184  10:35  Marine x2  
  186  10:36  Sensor Tower  
  186  10:38  Viking  
  186  10:42  Missile Turret, Marauder x2  
  192  10:47  Widow Mine x2  
  196  10:51  Barracks  
  196  10:54  Barracks  
  196  10:57  Barracks  
  196  11:01  Viking  
  192  11:07  Ghost  
  192  11:09  Marauder  
  196  11:11  Marine  
  196  11:16  Viking  
  199  11:21  Terran Ship Weapons Level 1  
  199  11:39  Sensor Tower  
  199  11:40  Barracks Tech Lab, Barracks Reactor  
  199  11:41  Starport  
  199  11:50  Command Center  
  199  11:52  Barracks Tech Lab  
  199  11:54  Marine  
  196  12:02  Ghost x2  
  198  12:09  Viking  
  199  12:22  Marine, Marauder, Viking  
  175  12:23  Marine x2  
  175  12:24  Marauder  
  175  12:25  Marine  
  175  12:26  Marine  
  175  12:27  Planetary Fortress, Marauder  
  183  12:32  Sensor Tower  
  183  12:33  Refinery x2  
  183  12:38  Terran Infantry Weapons Level 3  
  183  12:39  Viking  
  183  12:43  Marine  
  181  12:44  Marine  
  181  12:46  Marauder  
  181  12:49  Marauder  
  170  12:51  Marauder  
  170  12:52  Marine, Medivac  
  170  12:55  Ghost  
  175  12:59  SCV  
  175  13:00  Marine  
  175  13:01  SCV, Marine  
  175  13:02  Marauder  
  181  13:08  Orbital Command  
  181  13:09  SCV, Medivac  
  181  13:10  Marine  
  185  13:15  Marine  
  185  13:17  Terran Infantry Armor Level 3  
  185  13:18  Marauder  
  185  13:19  Marauder  
  190  13:21  Marine x2  
  190  13:22  Medivac  
  194  13:35  Command Center  
  194  13:36  Terran Ship Weapons Level 2  
  194  13:40  Missile Turret  
  194  13:46  Command Center  
  194  13:47  Marine, Marauder  
  197  13:48  Marine  
  197  13:50  Marauder  
  199  13:58  Marine  
  199  14:00  Marine x2  
  197  14:03  Marine x2  
  197  14:04  Marauder  
  200  14:12  Marine x2  
  197  14:22  Orbital Command  
  180  14:25  Marauder  
  180  14:27  Marauder, Medivac  
  180  14:30  Marauder  
  164  14:31  Liberator  
  164  14:35  Marauder  
  164  14:36  Marauder  
  151  14:39  SCV x2  
  151  14:40  SCV  
  149  14:47  Marine  
  149  14:48  SCV  
  149  14:50  Marine x3  
  149  14:51  SCV x2, Marauder x2  
  149  14:52  SCV, Missile Turret, Marauder  
  163  14:58  Liberator  
  163  14:59  Marine  
  165  15:01  SCV x2  
  165  15:03  SCV  
  165  15:04  SCV x2  
  170  15:11  Medivac  
  170  15:13  SCV x2, Marine  
  172  15:15  SCV  
  172  15:16  Ghost  
  172  15:18  Marauder x2  
  172  15:21  Marine x3  
  171  15:22  SCV, Marauder  
  171  15:24  Marine  
  163  15:29  SCV  
  163  15:35  Marine, Marauder  
  166  15:38  Marine  
  166  15:39  Marauder  
  166  15:40  SCV x2  
  166  15:41  SCV x2  
  166  15:42  Marauder  
  175  15:45  Marauder  
  175  15:48  Liberator  
  175  15:49  Liberator  
  182  15:52  SCV, Marine  
  182  15:53  Marauder  
  185  15:59  Marine, Marauder x2  
  190  16:08  Liberator  
  190  16:10  Ghost  
  189  16:11  Marine  
  189  16:13  Liberator  
  189  16:14  Marine x2  
  189  16:15  Marine  
  189  16:17  Marauder  
  192  16:22  Planetary Fortress  
  192  16:23  Refinery  
  187  16:28  Marine  
  187  16:29  Marauder x2  
  187  16:31  Marine  
  187  16:32  Marauder  
  184  16:33  Marauder  
  184  16:35  Missile Turret  
  184  16:38  Marauder, Sensor Tower  
  188  16:40  Marine  
  188  16:42  SCV  
  188  16:43  SCV, Marine  
  188  16:47  SCV  
  188  16:49  Marine x2, Marauder  
  188  16:50  SCV  
  193  16:56  Liberator  
  193  16:57  Marine, Marauder  
  199  17:03  Fusion Core  
  199  17:07  Ghost, Refinery  
  199  17:08  Marine  
  199  17:15  Marine  
  199  17:16  Marine  
Tags
 
Add a new tag
Caveats
  • Supply blocks, unpowered buildings, or Contaminate may cause inaccurate times.
  • Supply counts are checked every 10 seconds.